AoeStats
← idefixyeee

Glade

510513019Analyzed
1v1 RM · 19h ago on Oct 1, 2026· 42m 4s· 2 players
Game mode
Random Map
Map size
Tiny (2 player)
Population
200
Speed
Normal
Resources
Standard
Victory
Conquest
Starting age
Dark Age
Ending age
Imperial Age
RankedLock teamsTeams togetherTeam positionsShared explorationLock speedFull tech treeHidden civsTurbo modeCheats
Victory
Defeat
🇫🇮 Varangians · Finland
1359
+17
🇬🇷 Burmese · Greece
1386
-17
idefixyeee
9:55 Feudal Age
10:45 Double-Bit Axe
10:43 Horse Collar
12:10 Bloodlines
16:01 Scale Barding Armor
21:06 Castle Age
18:55 Loom
20:52 Wheelbarrow
20:07 Gold Mining
21:47 Husbandry
22:10 Chain Barding Armor
22:00 Forging
22:14 Bow Saw
25:22 Stone Mining
25:48 Hand Cart
26:51 Iron Casting
35:03 Imperial Age
33:58 Town Watch
34:19 Vendel Legacy
36:10 Conscription
38:42 Coinage
38:51 Plate Barding Armor
ArmoV
6:20 Loom
6:40 Loom
8:52 Feudal Age
9:36 Horse Collar
12:44 Fletching
21:57 Castle Age
20:26 Stone Mining
22:21 Gold Mining
22:36 Bodkin Arrow
22:07 Crossbowman
25:07 Pikeman
30:18 Wheelbarrow
29:28 Town Watch
30:16 Sanctity
30:11 Fervor
36:39 Imperial Age
35:19 Squires
37:04 Ballistics
38:02 Gold Shaft Mining
38:59 Chemistry
38:04 Husbandry
38:20 Bloodlines
40:47 Halberdier
Connection lost

Rejoining the realm…

Still unreachable

The connection could not be restored.

Session expired

The server has moved on; the page needs a fresh start.